 Dungeon Crawl Stone Soup version 0.29-a0-993-g4a18f31a58 (webtiles) character file.

Game seed: 18337937216401436990

50506 vurker the Warrior (level 14, -5/100 HPs)
             Began as a Tengu Berserker on Aug 2, 2022.
             Was an Elder of Trog.
             Killed by divine providence
             ... invoked by an orc priest
             ... led by an orc warlord
              (11 damage)
             ... on level 2 of the Orcish Mines.
             The game lasted 00:29:33 (23082 turns).

vurker the Warrior (Tengu Berserker)               Turns: 23082, Time: 00:29:34

Health: -5/100     AC: 18    Str: 23    XL:     14   Next: 55%
Magic:  0/15       EV: 15    Int: 15    God:    Trog [****..]
Gold:   1944       SH:  7    Dex: 14    Spells: 13/13 levels left

rFire   + + +      SeeInvis .   K - +0 war axe
rCold   . . .      Faith    .   z - +0 kite shield
rNeg    . . .      Spirit   +   I - +2 plate armour {rF+}
rPois   +          Reflect  .   (helmet restricted)
rElec   .          Harm     .   J - +0 cloak {rF+}
rCorr   .          Rampage  .   (no gloves)
Will    +++..                   (boots unavailable)
Stlth   ..........              j - amulet of guardian spirit
HPRegen 1.26/turn               h - ring of protection from cold
MPRegen 0.14/turn               e - ring of Bump {rPois rF+ rC- EV+4 Int+8}

@: strong-willed, on berserk cooldown, flying quickly and evasively,
regenerating, slowed, very slow
A: beak, talons 3, nimble flight
a: Renounce Religion, Berserk, Trog's Hand, Brothers in Arms


You were on level 2 of the Orcish Mines.
You worshipped Trog.
Trog was greatly pleased with you.
You visited 3 branches of the dungeon, and saw 19 of its levels.
You also visited: Sewer and Volcano.

You collected 1944 gold pieces.

Inventory:

Hand Weapons
 K - a +0 war axe (weapon)
   (You found it on level 2 of the Lair of Beasts)
Missiles
 A - 2 throwing nets (quivered)
Armour
 y - a +0 troll leather armour
   (You found it on level 12 of the Dungeon)
 z - a +0 kite shield (worn)
   (You found it on level 4 of the Dungeon)
 I - a +2 plate armour of fire resistance (worn)
   (You found it in a volcano)
 J - a +0 cloak of fire resistance (worn)
   (You found it in a volcano)
Jewellery
 e - the ring of Bump (right hand) {rPois rF+ rC- EV+4 Int+8}
   (You found it on level 8 of the Dungeon)

   [ring of evasion]

   EV:        It affects your evasion (+4).
   Int:       It affects your intelligence (+8).
   rF:        It protects you from fire.
   rC:        It makes you vulnerable to cold.
   rPois:     It protects you from poison.
 h - a ring of protection from cold (left hand)
   (You found it on level 2 of the Dungeon)
 j - an amulet of guardian spirit (around neck)
   (You found it on level 2 of the Dungeon)
 B - a ring of ice
   (You found it on level 5 of the Dungeon)
 D - a +4 ring of protection
   (You found it on level 6 of the Dungeon)
 F - a ring of fire
   (You found it on level 2 of the Lair of Beasts)
Wands
 d - a wand of iceblast (8)
   (You found it on level 6 of the Dungeon)
 v - a wand of digging (8)
   (You found it on level 1 of the Lair of Beasts)
 x - a wand of acid (18)
   (You found it on level 7 of the Dungeon)
 C - a wand of charming (7)
   (You found it on level 1 of the Lair of Beasts)
 N - a wand of mindburst (6)
   (You found it on level 3 of the Lair of Beasts)
Scrolls
 c - 3 scrolls of enchant weapon
 g - a scroll of immolation
 k - a scroll of silence
 m - 4 scrolls of summoning
 o - 3 scrolls of blinking
 p - 3 scrolls of vulnerability
 q - a scroll of enchant armour
 r - 4 scrolls of teleportation
 s - a scroll of poison
 w - 2 scrolls of magic mapping
 M - a scroll of brand weapon
 O - 3 scrolls of fear
Potions
 a - 2 potions of resistance
 b - 5 potions of mutation
 f - 5 potions of haste
 i - 7 potions of curing
 l - 3 potions of heal wounds {unknown}
 n - 2 potions of attraction
 t - 3 potions of might
 u - 6 potions of magic
 E - a potion of experience
 G - a potion of cancellation
 H - 3 potions of lignification
 L - a potion of invisibility


   Skills:
 * Level 16.5 Fighting
 * Level 15.0 Axes
 + Level 11.1 Armour
 + Level 11.1 Dodging


You had 13 spell levels left.
You didn't know any spells.
Your spell library was empty.

Dungeon Overview and Level Annotations

Branches:
Dungeon (12/15)            Temple (0/1) D:4            Lair (5/5) D:10
 Shoals (0/4) Lair:2        Snake (0/4) Lair:2        Slime (0/5) Lair:5
    Orc (2/2) D:12          Sewer (visited)         Volcano (visited)
    Elf: Orc:2

Altars:
Dithmenos
Elyvilon
Hepliaklqana
Kikubaaqudgha
Makhleb
Okawaru
Ru
Xom

Annotations:
D:10 1 runed translucent door, Subbak's ghost, journeyman BaIE


Innate Abilities, Weirdness & Mutations

You have a beak for a mouth.
You have claws for feet.
Your magical nature lets you fly swiftly and evasively.


Message History

The orc wizard gestures wildly while chanting.
The orc wizard flickers and vanishes!
Deactivating autopickup; reactivate with Ctrl-A.
The hellwing hits you.
* * * LOW HITPOINT WARNING * * *
The hellwing hits you but does no damage.
The orc knight roars a battlecry!
The orcs go into a battle-frenzy!
The orc sorcerer hits you with a +0 dagger.
* * * LOW HITPOINT WARNING * * *
Something hits you but does no damage.
You hear a shout! x2
You slash the orc sorcerer!
You kill the orc sorcerer!
Trog accepts your kill.
Trog appreciates your killing of a magic user.
The hellwing disappears in a puff of smoke!
You miss something.
The orc knight roars a battlecry!
An orc priest comes into view. It is wielding a +0 short sword.
You hear some strange, mumbled words.
Something tries to affect you, but you resist.
An orc warrior comes into view. It is wielding a +0 mace.
You hear a shout!
Your Axes skill increases to level 15!
Your ogre cannot move out of your way!
Something hits you but does no damage.
An orc knight comes into view. It is wielding a +1 dire flail.
The orc warrior hits your ogre with a +0 long sword!
Your ogre dies!
Your ogre's corpse disappears in a puff of smoke!
You hear some strange, mumbled words.
A puff of flame appears from out of thin air!
The puff of flame hits you but does no damage.
You resist.
Things that are here:
a +0 club; a +0 scale mail; an orc corpse You feel better.
An orc knight comes into view. It is wielding a +0 long sword.
The orc warrior misses you.
The orc priest mumbles some strange prayers to Beogh against you.
Beogh smites you!
* * * LOW HITPOINT WARNING * * *
Something hits you but does no damage.
Your skin crawls.
You feel strong-willed. The orc warrior misses you.
You block the orc wizard's attack.
The orc priest mumbles some strange prayers to Beogh against you.
Beogh smites you!
You die...

..........
........o
....... #o..o.#
#.oo..# #.....#
####8)o.8#
#..#o{oo.#
#.).)@###
#.))...#
###)....##
#######.....###
##.#.##....###
##........###
##........##
#......)..#
..........#


You could see 3 orc knights, 3 orc warriors, an orc priest (strong) and 2 orc
wizards.

Vanquished Creatures
  Josephine (D:11)
  Fannar (Lair:1)
  2 hydras (Lair:5)
  A catoblepas (Lair:5)
  A centaur warrior (D:11)
  5 two-headed ogres
  A dancing weapon (Volcano)
  A deep troll shaman (Lair:5)
  Urug (D:11)
  4 death yaks (Lair:5)
  An orc high priest (Orc:2)
  Nergalle (Orc:2)
  7 lindwurms
  3 wizards (Volcano)
  An orc sorcerer (Orc:2)
  2 cyclopes (D:12)
  2 manticores
  A torpor snail (Lair:4)
  4 elephants (Lair:5)
  5 toenail golems (Volcano)
  6 cane toads
  A rime drake (Lair:3)
  An unseen horror (D:10)
  3 kobold demonologists
  11 komodo dragons
  A troll (D:12)
  A polar bear (Lair:5)
  A slime creature (Lair:5)
  2 hornets
  7 dream sheep
  2 shadows
  4 wyverns
  29 yaks
  5 wraiths
  5 basilisks (Lair:3)
  Grum (D:8)
  A steam dragon (D:5)
  2 nagas (Lair:2)
  13 water moccasins
  2 acid dragons
  6 black bears
  An ice beast (D:6)
  A sky beast (D:8)
  8 orc warriors
  2 ogres
  2 centaurs
  11 wolves
  A phantom (D:7)
  11 bullfrogs
  8 kobold brigands
  5 scorpions
  2 necrophages
  11 wights
  6 killer bees
  2 electric eels (D:10)
  4 jellies
  2 hounds
  A gnoll bouda (D:7)
  11 orc priests
  3 iguanas
  Jessica (D:3)
  17 orc wizards
  19 gnolls
  16 adders
  2 river rats (Sewer)
  2 shadow imps
  3 white imps
  An ufetubus (D:6)
  2 worms
  5 dart slugs
  42 orcs
  10 ball pythons
  7 bats
  9 endoplasms
  3 giant cockroaches
  8 goblins
  9 hobgoblins
  4 jackals (Sewer)
  2 quokkas (D:1)
  9 frilled lizards
  32 kobolds
  9 rats
453 creatures vanquished.

Vanquished Creatures (collateral kills)
  2 hydras
  A troll (Orc:2)
  An orc wizard (Orc:2)
4 creatures vanquished.

Vanquished Creatures (others)
  2 wizards (Volcano)
  An orc wizard (D:7)
  3 orcs (D:5)
  22 fungi
  69 plants
97 creatures vanquished.

Grand Total: 554 creatures vanquished

Notes
Turn   | Place    | Note
-------+----------+-------------------------------------------
     0 | D:1      | vurker the Tengu Berserker began the quest for the Orb.
     0 | D:1      | Reached XP level 1. HP: 14/14 MP: 2/2
    57 | D:1      | Reached XP level 2. HP: 19/19 MP: 3/3
   465 | D:1      | Found a faded altar of an unknown god.
   639 | D:1      | Reached XP level 3. HP: 22/23 MP: 4/4
   695 | D:2      | Reached ** piety under Trog
   808 | D:2      | Reached XP level 4. HP: 28/28 MP: 5/5
   856 | D:2      | Reached skill level 5 in Axes
  1289 | D:3      | Reached skill level 4 in Fighting
  1289 | D:3      | Gained mutation: Your magical nature lets you fly swiftly
                  | and evasively. [Tengu growth]
  1289 | D:3      | Reached XP level 5. HP: 33/33 MP: 6/6
  1487 | D:3      | Noticed Jessica
  1492 | D:3      | Killed Jessica
  1608 | D:3      | Found a burning altar of Makhleb.
  2389 | D:4      | Reached XP level 6. HP: 39/39 MP: 5/7
  2389 | D:4      | Reached *** piety under Trog
  2543 | D:4      | Found a staircase to the Ecumenical Temple.
  2794 | D:4      | Noticed a black bear
  2801 | D:4      | Killed a black bear
  2802 | D:4      | Reached skill level 5 in Fighting
  2802 | D:4      | Reached XP level 7. HP: 44/44 MP: 8/8
  2989 | D:5      | Entered Level 5 of the Dungeon
  3184 | D:5      | Found a glowing drain.
  3203 | Sewer    | Entered a sewer
  4006 | D:5      | Identified the +6 dagger "Fexorer" {venom, Dex+6}
  4023 | D:5      | Reached XP level 8. HP: 47/51 MP: 9/9
  4251 | D:5      | Reached **** piety under Trog
  4252 | D:5      | Reached skill level 6 in Fighting
  5640 | D:6      | Reached skill level 10 in Axes
  5809 | D:6      | Reached skill level 7 in Fighting
  5809 | D:6      | Reached XP level 9. HP: 51/57 MP: 8/10
  6313 | D:6      | Found a sacrificial altar of Ru.
  7082 | D:7      | Reached skill level 8 in Fighting
  7544 | D:7      | Noticed a two-headed ogre
  7551 | D:7      | Killed a two-headed ogre
  7552 | D:7      | Reached XP level 10. HP: 65/65 MP: 9/11
  7657 | D:7      | Reached skill level 11 in Fighting
  7657 | D:7      | Reached XP level 11. HP: 74/74 MP: 12/12
  7963 | D:7      | Found a white marble altar of Elyvilon.
  8542 | D:8      | Noticed Grum
  8557 | D:8      | Killed Grum
  8565 | D:8      | Identified the ring of Bump {rPois rF+ rC- EV+4 Int+8}
  8841 | D:8      | Paralysed by a hornet for 1 turns
  8936 | D:8      | Noticed a two-headed ogre
  8944 | D:8      | Killed a two-headed ogre
  9669 | D:9      | Noticed a two-headed ogre
  9677 | D:9      | Killed a two-headed ogre
  9707 | D:9      | Found an iron altar of Okawaru.
  9931 | D:9      | Reached skill level 12 in Fighting
 10199 | D:10     | Entered Level 10 of the Dungeon
 10589 | D:10     | Found a staircase to the Lair.
 10798 | D:10     | Noticed a two-headed ogre
 10817 | D:10     | Killed a two-headed ogre
 10818 | D:10     | Reached XP level 12. HP: 58/82 MP: 8/13
 11244 | D:10     | Found a shadowy altar of Dithmenos.
 11773 | D:10     | Found a runed translucent door.
 11773 | D:10     | Found a shimmering altar of Xom.
 11773 | D:10     | Noticed Subbak's ghost (journeyman BaIE)
 11870 | D:11     | Noticed Josephine
 11886 | D:11     | Killed Josephine
 11887 | D:11     | Reached skill level 13 in Fighting
 12254 | D:11     | Noticed a centaur warrior
 12265 | D:11     | Killed a centaur warrior
 12511 | D:11     | Noticed a two-headed ogre
 12515 | D:11     | Killed a two-headed ogre
 12597 | D:11     | Identified the +2 robe of the Stone Wall {Str+5 Int+3
                  | Stlth-}
 13185 | D:11     | Noticed Urug
 13196 | D:11     | Killed Urug
 14361 | D:12     | Found a white marble altar of Elyvilon.
 14519 | D:12     | Found a staircase to the Orcish Mines.
 14609 | D:12     | Reached skill level 14 in Fighting
 14868 | Lair:1   | Entered Level 1 of the Lair of Beasts
 14872 | Lair:1   | Noticed Fannar
 14873 | Lair:1   | Found an ancient bone altar of Kikubaaqudgha.
 14887 | Lair:1   | Killed Fannar
 14985 | Lair:1   | Reached XP level 13. HP: 87/91 MP: 12/14
 15353 | Lair:1   | Reached ***** piety under Trog
 16006 | Lair:2   | Found a dark tunnel.
 16014 | Volcano  | Entered a volcano
 16132 | Volcano  | Reached skill level 15 in Fighting
 16705 | Lair:2   | Found a staircase to the Snake Pit.
 16763 | Lair:2   | Found a staircase to the Shoals.
 16935 | Lair:2   | Found a hazy altar of Hepliaklqana.
 17806 | Lair:3   | Reached skill level 10 in Dodging
 18024 | Lair:3   | Reached skill level 10 in Armour
 20156 | Lair:5   | Entered Level 5 of the Lair of Beasts
 20221 | Lair:5   | Reached XP level 14. HP: 69/99 MP: 10/15
 20374 | Lair:5   | Found a staircase to the Slime Pits.
 20789 | Lair:5   | Reached skill level 16 in Fighting
 21987 | Lair:5   | Identified the +6 quarterstaff "Ydaocuqi" {vorpal, *Corrode
                  | Fly rElec Int+7}
 22180 | Lair:5   | Found the +3 pair of mountain boots {steadfast, rC+}
 22615 | Orc:1    | Entered Level 1 of the Orcish Mines
 22895 | Orc:2    | Entered Level 2 of the Orcish Mines
 23056 | Orc:2    | Noticed Nergalle
 23069 | Orc:2    | Killed Nergalle
 23078 | Orc:2    | HP: 5/100 [orc sorcerer/+0 dagger[an orc warlord] (5)]
 23080 | Orc:2    | Reached skill level 15 in Axes
 23082 | Orc:2    | Killed from afar by an orc priest

Illustrated notes

Levels and vault maps discovered:
D:1:      minmay_arrival_split_and_join, layout_rooms,
          chequers_ecumenical_altar_grove, kennysheep_nondescript
D:2:      layout_rooms
D:3:      layout_basic, mainiacjoe_overflow_concentric_impassable,
          hangedman_abyss_or_decor_stabs, uniq_jessica
D:4:      layout_rooms, minmay_temple_entry_offerings
D:5:      layout_layer_cave, cheibrodos_sewer_entry_drain,
          guppyfry_early_lair_pool
D:6:      hangedman_cross_stitches, layout_basic,
          nicolae_overflow_crystal_walls, chequers_arboretum
D:7:      layout_basic, kennysheep_mini
D:8:      layout_loops_corners, minivault_26, uniq_grum
D:9:      layout_cave_pools, mainiacjoe_overflow_catwalk
D:10:     layout_basic, mainiacjoe_overflow_alcove_4, david_lair_shrubbed,
          ebering_ghost_xom
D:11:     layout_basic, uniq_urug, uniq_josephine
D:12:     layout_irregular_city, orc_0_dummy, elyvilon_altar_1
Lair:1:   layout_regular_city, basic_altar, hibernation_bobbens,
          grunt_megastairs_1, serial_bayou_shore_a, uniq_fannar
Lair:2:   layout_hall_layers, shoals_dummy_entry, guppyfry_snake_entry_island,
          basic_altar, nicolae_volcano_entry_hallway
Lair:3:   layout_regular_city, kennysheep_basilisk_garden, grunt_megastairs_4
Lair:4:   layout_loops_ring, wad_woods_road_02, lemuel_fruit_tree,
          lemuel_fruit_fields
Lair:5:   grunt_lair_end_beastmaster, layout_regular_city,
          minmay_slime_entry_pillars, minmay_lindwurm_lava
Orc:1:    layout_caves, serial_shops
Orc:2:    grunt_orc_cross, layout_diamond_mine, nicolae_orc_rockfall,
          minmay_orc_temple_a

Skill      XL: |  1  2  3  4  5  6  7  8  9 10 11 12 13 14 |
---------------+-------------------------------------------+-----
Axes           | 4 5 6 7 8 10 12 14 15 | 15.0
Fighting       | 4 5 7 8 11 12 14 15 16 | 16.5
Armour         | 6 7 8 10 11 | 11.1
Dodging        | 6 7 9 10 11 | 11.1

Action                   |  1- 3 |  4- 6 |  7- 9 | 10-12 | 13-15 || total
-------------------------+-------+-------+-------+-------+-------++-------
Melee: Hand axe          |    43 |   126 |   373 |   407 |   193 ||  1142
       Kick              |     9 |    41 |   116 |   137 |   250 ||   553
       Peck              |     5 |    16 |    58 |    83 |   152 ||   314
       Punch             |       |       |     4 |       |       ||     4
       War axe           |       |       |       |       |   386 ||   386
Invok: Berserk           |     1 |     4 |     6 |    12 |     8 ||    31
       Trog's Hand       |       |       |     1 |       |     7 ||     8
       Brothers in Arms  |       |       |       |       |     3 ||     3
Evoke: Wand              |       |       |       |     1 |     7 ||     8
  Use: Scroll            |       |       |     2 |    22 |     9 ||    33
       Potion            |       |       |       |     1 |     1 ||     2
Armor: Animal skin       |     4 |       |       |       |       ||     4
       Chain mail        |    16 |    63 |   139 |   145 |       ||   363
       Troll leather arm |       |       |       |     2 |    17 ||    19
       Plate armour      |       |       |       |       |   211 ||   211
Dodge: Dodged            |    27 |    59 |   119 |   205 |   359 ||   769
Block: Kite shield       |       |       |    18 |   123 |   196 ||   337

Table legend: (Time is in decaauts)
 A = Elapsed time spent in this place.
 B = Non-inter-level travel time spent in this place.
 C = Inter-level travel time spent in this place.
 D = Time resting spent in this place.
 E = Time spent auto-exploring this place.
 F = Levels seen in this place.
 G = Mean time per level.
                   A        B        C        D        E       F      G
               +--------+--------+--------+--------+--------+-----+--------+
         Total |  22060 |  21274 |    786 |   1865 |  16006 |  21 | 1050.5 |
       Dungeon |  13658 |  13165 |    493 |   1140 |  10135 |  12 | 1138.2 |
          Lair |   6818 |   6538 |    280 |    706 |   4921 |   5 | 1363.6 |
  Orcish Mines |    432 |    420 |     12 |      0 |    284 |   2 |  216.0 |
         Sewer |    697 |    697 |      0 |     19 |    447 |   1 |  697.0 |
       Volcano |    452 |    452 |      0 |      0 |    217 |   1 |  452.0 |
               +--------+--------+--------+--------+--------+-----+--------+

Top non-repeatable levels by time:
  Lair:5: 2169 daAuts
    D:11: 1789 daAuts
  Lair:3: 1785 daAuts
    D:10: 1680 daAuts
     D:5: 1623 daAuts
     D:6: 1479 daAuts
     D:7: 1345 daAuts
     D:8: 1212 daAuts
    D:12: 1138 daAuts
     D:3: 1091 daAuts
  Lair:4: 1080 daAuts
  Lair:1: 1004 daAuts
  Lair:2: 778 daAuts
   Sewer: 697 daAuts
     D:2: 689 daAuts
